 Dungeon Crawl Stone Soup version 0.25-a0-1130-g3926558f3a (webtiles) character file.

Game seed: 18041637504619711455, levelgen mode: deterministic

8764 kae the Carver (level 11, 0/79 HPs)
             Began as a Formicid Abyssal Knight on May 19, 2020.
             Was an Elder of Lugonu.
             Slain by a killer bee (7 damage)
             ... on level 9 of the Dungeon.
             The game lasted 00:14:38 (16248 turns).

kae the Carver (Formicid Abyssal Knight)           Turns: 16248, Time: 00:14:39

Health: 0/79       AC:  8    Str: 19    XL:     11   Next: 61%
Magic:  17/17      EV:  9    Int: 19    God:    Lugonu [****..]
Gold:   180        SH: 16    Dex: 10    Spells: 10/10 levels left

rFire    x . .     SeeInvis +   b - +3 triple sword (flame)
rCold    + + +     Gourm    .   p - +0 tower shield
rNeg     + . .     Faith    .   s - +4 leather armour of Lierub {rF- rC+++ rN+ MR+}
rPois    .         Spirit   .   (helmet unavailable)
rElec    .         Reflect  .   (no cloak)
rCorr    .         Harm     .   (no gloves)
MR       ++...                  n - +0 pair of boots
Stlth    +.........             (no amulet)
HPRegen  0.23/turn              h - +6 ring of intelligence
MPRegen  0.15/turn              (no ring)

@: lethally poisoned (0 -> -2)
A: permanent stasis, dig shafts and tunnels, four strong arms, antennae 3
a: Dig, Shaft Self, Depart the Abyss, Bend Space, Banish, Corrupt, Renounce
Religion


You were on level 9 of the Dungeon.
You worshipped Lugonu.
Lugonu was greatly pleased with you.
You were hungry.

You visited 2 branches of the dungeon, and saw 10 of its levels.
You visited the Abyss 1 time.

You collected 559 gold pieces.
You spent 379 gold pieces at shops.

Inventory:

Hand Weapons
 a - a +2 falchion
 b - a +3 triple sword of flaming (weapon)
Armour
 n - a +0 pair of boots (worn)
 p - a +0 tower shield (worn)
 s - the +4 leather armour of Lierub (worn) {rF- rC+++ rN+ MR+}
   (You found it on level 6 of the Dungeon)

   It makes you vulnerable to fire.
   It renders you almost immune to cold.
   It protects you from negative energy.
   It affects your resistance to hostile enchantments.
Jewellery
 h - a +6 ring of intelligence (left hand)
Wands
 i - a wand of digging (4)
 t - a wand of flame (10)
 v - a wand of acid (12)
Scrolls
 e - a scroll of fog
 l - 5 scrolls of remove curse
 q - a scroll of identify
Potions
 d - 3 potions of brilliance
 f - a potion of magic {unknown}
 g - a potion of cancellation
 j - a potion of ambrosia
 k - a potion of flight
 m - a potion of lignification
 o - 3 potions of resistance
 r - a potion of invisibility
 u - a potion of berserk rage
Comestibles
 c - 13 rations
 w - 6 chunks of flesh


   Skills:
 - Level 5.0 Fighting
 * Level 13.2 Long Blades
 - Level 2.1 Armour
 - Level 0.8 Dodging
 + Level 9.9 Shields
 - Level 8.0 Invocations


You had 10 spell levels left.
You didn't know any spells.
Your spell library was empty.

Dungeon Overview and Level Annotations

Branches:
Dungeon (9/15)             Temple (1/1) D:7
   Lair: D:8-11         Orc: D:9-12

Altars:
Ashenzari
Cheibriados
Dithmenos
Elyvilon
Fedhas
Gozag
Hepliaklqana
Kikubaaqudgha
Makhleb
Nemelex Xobeh
Okawaru
Qazlal
Ru
Sif Muna
Trog
Uskayaw
Vehumet
Wu Jian
Xom
Yredelemnul
Zin
The Shining One

Shops:
D:5 *

Annotations:
D:4 Prince Ribbit
D:6 3 runed translucent doors, emiel's ghost, novice NaFi


Innate Abilities, Weirdness & Mutations

You cannot be hasted, slowed, berserked, paralysed or teleported.
You can dig through walls and to a lower floor.
Your four strong arms can wield two-handed weapons with a shield.
You have a pair of large antennae on your head. (SInv)


Message History

You are feeling hungry.
You feel sick. You block the killer bee's attack. x3
You slice the killer bee!! You burn the killer bee.
You kill the killer bee!
Lugonu accepts your kill.
You feel sick. The killer bee completely misses you.
You miss the killer bee.
You feel sick. You block the killer bee's attack. x2
The killer bee barely misses you.
You miss the killer bee.
You feel sick. You block the killer bee's attack. x2
You miss the killer bee.
You feel sick. You block the killer bee's attack.
The killer bee barely misses you. You block the killer bee's attack.
You closely miss the killer bee. You block the killer bee's attack.
The killer bee stings you.
* * * LOW HITPOINT WARNING * * *
The killer bee stings you.
* * * LOW HITPOINT WARNING * * *
You barely miss the killer bee.
You feel sick. The killer bee stings you.
* * * LOW HITPOINT WARNING * * *
The killer bee stings you!
You die...

#### #### ..# #).. #.#
##..
####.###########.#
#................#
#.##.###########@###.#
#.##.# ##yS.#
#.##.###### ##.##
#.##......# .#
..........# .#
..........## y#
...........## .#
..##........... ..
..##.###....... .#


You could see a killer bee and an adder.

Vanquished Creatures
  3 hippogriffs
  Eustachio (D:6)
  3 yaks (D:9)
  16 wargs (D:7)
  An ice beast (D:7)
  7 orc warriors (D:7)
  A black bear (D:7)
  4 sky beasts
  A necrophage (D:6)
  A phantom (D:7)
  4 ogres
  3 centaurs
  A big kobold (Temple)
  4 bullfrogs
  A gnoll sergeant (D:6)
  2 scorpions
  14 killer bees
  2 howler monkeys
  6 wights
  A crimson imp (D:8)
  A bullfrog zombie (D:6)
  4 hounds
  A centaur skeleton (D:4)
  An orc priest (D:4)
  A bullfrog skeleton (D:9)
  2 orc wizards
  3 iguanas
  7 worker ants
  A killer bee zombie (D:5)
  A hound skeleton (D:5)
  A worker ant zombie (D:7)
  Robin (D:4)
  8 gnolls
  11 adders
  A shadow imp (D:5)
  An ooze (D:6)
  An adder zombie (D:6)
  4 worms
  A dart slug (D:2)
  5 leopard geckos
  36 orcs
  5 giant cockroaches
  8 hobgoblins
  13 jackals
  2 ball pythons
  7 bats
  4 frilled lizards
  A giant cockroach zombie (D:5)
  17 goblins
  A jackal zombie (D:4)
  10 kobolds
  A leopard gecko skeleton (D:5)
  A leopard gecko zombie (D:5)
  A quokka zombie (D:8)
  4 rats
243 creatures vanquished.

Vanquished Creatures (others)
  An orc warlord (D:7)
  A two-headed ogre (D:9)
  2 orc knights (D:7)
  A warg (D:7)
  A killer bee (Temple)
  3 plants (D:7)
9 creatures vanquished.

Grand Total: 252 creatures vanquished

Notes
Turn   | Place    | Note
-------+----------+-------------------------------------------
     0 | Abyss:1  | kae the Formicid Abyssal Knight began the quest for the
                  | Orb.
     0 | Abyss:1  | Reached XP level 1. HP: 18/18 MP: 2/2
    36 | Abyss:1  | Noticed a smoke demon
    37 | D:1      | Escaped the Abyss
   242 | D:1      | Reached XP level 2. HP: 22/24 MP: 3/3
   538 | D:1      | Reached * piety under Lugonu
   724 | D:1      | Reached XP level 3. HP: 29/29 MP: 5/5
  2191 | D:2      | Reached skill level 3 in Long Blades
  2191 | D:2      | Reached XP level 4. HP: 36/37 MP: 6/6
  4149 | D:4      | Noticed a bullfrog
  4161 | D:4      | Killed a bullfrog
  4161 | D:4      | Reached XP level 5. HP: 14/42 MP: 6/8
  4446 | D:4      | Reached XP level 6. HP: 36/48 MP: 9/9
  4462 | D:4      | Reached skill level 4 in Long Blades
  4827 | D:4      | Reached ** piety under Lugonu
  4829 | D:4      | Noticed Robin
  4845 | D:4      | Killed Robin
  5114 | D:4      | Reached skill level 5 in Invocations
  5683 | D:4      | Reached skill level 5 in Long Blades
  5683 | D:4      | Reached XP level 7. HP: 55/55 MP: 10/10
  5919 | D:5      | Entered Level 5 of the Dungeon
  5919 | D:5      | Noticed Prince Ribbit
  6157 | D:5      | Reached skill level 5 in Fighting
  6781 | D:5      | Reached skill level 6 in Long Blades
  7351 | D:5      | Reached XP level 8. HP: 34/62 MP: 11/11
  7692 | D:5      | Found Kiliug's Mass Market.
  7851 | D:5      | Bought a +0 tower shield for 49 gold pieces
  7894 | D:5      | Reached skill level 7 in Long Blades
  8279 | D:6      | Reached skill level 1 in Shields
  8965 | D:6      | Reached skill level 8 in Long Blades
  9016 | D:6      | Noticed Eustachio
  9035 | D:6      | Killed Eustachio
  9051 | D:6      | Reached XP level 9. HP: 21/67 MP: 12/12
  9424 | D:6      | Found a runed translucent gate.
  9424 | D:6      | Found a runed translucent gate.
  9424 | D:6      | Found a runed translucent gate.
  9424 | D:6      | Noticed emiel's ghost (novice NaFi)
  9483 | D:6      | Reached *** piety under Lugonu
  9660 | D:6      | Reached skill level 9 in Long Blades
  9897 | D:6      | Got a shimmering leather armour
  9908 | D:6      | Identified the +4 leather armour of Lierub {rF- rC+++ rN+
                  | MR+} (You found it on level 6 of the Dungeon)
  9942 | D:7      | Found a basalt altar of Yredelemnul.
 10013 | D:7      | Noticed a hippogriff
 10036 | D:7      | Killed a hippogriff
 10036 | D:7      | Reached skill level 5 in Shields
 10878 | D:7      | Found a staircase to the Ecumenical Temple.
 10920 | Temple   | Entered the Ecumenical Temple
 10927 | Temple   | Reached skill level 10 in Long Blades
 10928 | Temple   | HP: 1/68 [killer bee (8)]
 12361 | D:7      | Reached XP level 10. HP: 40/74 MP: 13/13
 12824 | D:7      | Reached skill level 11 in Long Blades
 13142 | D:5      | Bought a +2 triple sword of flaming for 330 gold pieces
 13398 | D:7      | Noticed an orc warlord
 13425 | D:7      | Banished an orc warlord
 13533 | D:7      | Noticed an orc knight
 13545 | D:7      | Banished an orc knight
 13782 | D:7      | Reached skill level 12 in Long Blades
 14046 | D:7      | Reached XP level 11. HP: 75/79 MP: 16/16
 14169 | D:7      | Noticed an orc knight
 14174 | D:7      | Banished an orc knight
 14856 | D:8      | Reached **** piety under Lugonu
 16096 | D:9      | Reached skill level 13 in Long Blades
 16134 | D:9      | Noticed a two-headed ogre
 16141 | D:9      | Banished a two-headed ogre
 16248 | D:9      | Slain by a killer bee

Illustrated notes

Levels and vault maps discovered:
D:1:      dpeg_arrival_morbid_curiosity, layout_basic, minmay_pentomino_s2
D:2:      layout_basic, first_ration
D:3:      layout_rooms, minmay_unequal
D:4:      layout_basic, uniq_robin
D:5:      layout_cave_pools, minmay_shop_mass, uniq_prince_ribbit1
D:6:      layout_rooms, gammafunk_ghost_necromancy, uniq_eustachio
D:7:      lemuel_castle_with_subvaults [lemuel_castle_interior_carwin_2],
          layout_basic, lemuel_doored_altar, minmay_temple_entry_grid
D:8:      layout_basic
D:9:      layout_loops_ring
Temple:   nicolae_temple_the_god_donut

Skill      XL: |  1  2  3  4  5  6  7  8  9 10 11 |
---------------+----------------------------------+-----
Invocations    | 3 4 5 7 8 |  8.0
Long Blades    | 3 5 6 8 10 12 13 | 13.2
Fighting       | 4 5 |  5.0
Shields        | 3 6 8 9 |  9.9
Armour         | |  2.1
Dodging        | |  0.8

Action                   |  1- 3 |  4- 6 |  7- 9 | 10-12 || total
-------------------------+-------+-------+-------+-------++-------
Melee: Falchion          |   111 |   174 |   501 |    65 ||   851
       Triple sword      |       |       |       |   248 ||   248
Invok: Depart the Abyss  |     1 |       |       |       ||     1
       Bend Space        |       |       |     3 |       ||     3
       Banish            |       |       |     1 |     7 ||     8
Evoke: Wand              |       |       |    15 |     7 ||    22
  Use: Scroll            |     3 |     4 |     5 |     5 ||    17
       Potion            |       |     5 |     7 |       ||    12
  Eat: Chunk             |     4 |     6 |    15 |    10 ||    35
       Ration            |       |     1 |     3 |     1 ||     5
Armor: Leather armour    |    34 |    39 |   121 |    59 ||   253
       Skin              |       |    19 |    37 |       ||    56
Dodge: Dodged            |    89 |    97 |   160 |    92 ||   438
Block: Tower shield      |       |       |   277 |   276 ||   553
       Rpst.: Falchion   |    25 |    34 |    38 |     4 ||   101
       Triple sword      |       |       |       |    19 ||    19

Table legend:
 A = Non-vault XP
 B = Vault XP
 C = Vault XP percentage of total XP
 D = Non-vault monster count
 E = Vault monster count
 F = Vault count percentage of total count
                 A         B        C        D         E       F
            +---------+---------+-------+---------+---------+-------
      Total |    7022 |    5498 |  43.9 |     181 |      68 |  27.3
            +---------+---------+-------+---------+---------+-------
        D:1 |      26 |      11 |  29.7 |      16 |       6 |  27.3
        D:2 |      52 |       0 |   0.0 |      22 |       0 |   0.0
        D:3 |      35 |       6 |  14.6 |       7 |       4 |  36.4
        D:4 |     476 |      27 |   5.4 |      22 |       7 |  24.1
        D:5 |     500 |       0 |   0.0 |      21 |       0 |   0.0
        D:6 |     936 |     202 |  17.8 |      27 |       1 |   3.6
        D:7 |    1349 |    5252 |  79.6 |      21 |      50 |  70.4
        D:8 |     930 |       0 |   0.0 |      17 |       0 |   0.0
        D:9 |    2159 |       0 |   0.0 |      20 |       0 |   0.0
     Temple |     559 |       0 |   0.0 |       8 |       0 |   0.0
            +---------+---------+-------+---------+---------+-------
